 Dungeon Crawl Stone Soup version 0.23.2-1-ga50397a6bc (webtiles) character file.

Game seed: 11291485404671587148

12009 4FPSwarrior the Tainter (level 11, -11/54 HPs)
             Began as an Octopode Venom Mage on May 1, 2019.
             Was an Elder of Hepliaklqana.
             Mangled by a tarantella (12 damage)
             ... led by a torpor snail
             ... on level 1 of the Spider Nest.
             The game lasted 01:27:35 (16580 turns).

4FPSwarrior the Tainter (Octopode Venom Mage)      Turns: 16580, Time: 01:27:35

Health: -11/54     AC:  1    Str:  7    XL:     11   Next: 86%
Magic:  5/16       EV: 13    Int: 19    God:    Hepliaklqana [****..]
Gold:   460        SH:  5    Dex: 15    Spells: 1/14 levels left

rFire    . . .     SeeInvis .   x - +0 dagger (venom)
rCold    + . .     Gourm    .   N - +0 buckler
rNeg     . . .     Faith    .   (helmet restricted)
rPois    +         Spirit   .   F - amulet of magic regeneration
rElec    .         Reflect  .   l - ring of wizardry
rCorr    .         Harm     .   H - ring of Grace {rC+ Slay+2 Stlth+}
MR       .....                  A - ring of poison resistance
Stlth    +++++++...             (no ring)
HPRegen  0.18/turn              (no ring)
MPRegen  0.40/turn              (no ring)
                                (no ring)
                                (no ring)

@: radiating poison, slowed, very slow
A: almost no armour, stealthy swim, amphibious, 8 rings, constrict 8, reduced
essence, camouflage 1, gelatinous body 1
a: Recall Ancestor, Ancestor Identity, Transference, Idealise, Renounce Religion


You were on level 1 of the Spider Nest.
You worshipped Hepliaklqana.
Hepliaklqana was greatly pleased with you.
You were not hungry.

You visited 4 branches of the dungeon, and saw 14 of its levels.

You collected 727 gold pieces.
You spent 267 gold pieces at shops.

Inventory:

Hand Weapons
 f - a +0 dagger
 o - a +0 vampiric dagger
 x - a +0 dagger of venom (weapon)
Missiles
 u - 13 tomahawks (quivered)
 G - 6 javelins of returning
 M - 2 throwing nets
Armour
 N - a +0 buckler (worn)
Magical Staves
 C - an uncursed staff of fire
Jewellery
 l - a ring of wizardry (left tentacle)
 A - a ring of poison resistance (on tentacle)
 F - an amulet of magic regeneration (around mantle)
 H - the ring of Grace (right tentacle) {rC+ Slay+2 Stlth+}
   (You found it on level 7 of the Dungeon)

   [ring of stealth]

   It affects your accuracy and damage with ranged weapons and melee attacks
   (+2).
   It protects you from cold.
   It makes you more stealthy.
 K - an uncursed amulet of regeneration
Wands
 s - a wand of flame (8)
 D - a wand of scattershot (1)
 I - a wand of digging (14)
 J - a wand of paralysis (4)
 P - a wand of random effects (9)
Scrolls
 c - 2 scrolls of amnesia
 e - 3 scrolls of fear
 j - a scroll of immolation
 k - 2 scrolls of random uselessness
 p - 5 scrolls of remove curse
 t - 5 scrolls of teleportation
 v - 3 scrolls of magic mapping
 y - a scroll of enchant armour {unknown}
 z - 2 scrolls of silence {unknown}
 L - 3 scrolls of blinking {unknown}
 O - a scroll of vulnerability {unknown}
Potions
 a - 2 potions of brilliance
 d - a potion of might
 g - 5 potions of lignification
 h - 2 potions of ambrosia
 i - a potion of curing
 m - 3 potions of berserk rage
 n - a potion of experience {unknown}
 q - a potion of invisibility {unknown}
 r - a potion of flight {unknown}
 w - 2 potions of haste
 B - 3 potions of degeneration {unknown}
 E - a potion of cancellation {unknown}
Comestibles
 b - 17 rations


   Skills:
 + Level 6.3 Short Blades
 - Level 4.0 Throwing
 - Level 2.0 Dodging
 + Level 10.6 Stealth
 - Level 4.0 Shields
 - Level 2.0 Spellcasting
 + Level 5.5 Conjurations
 + Level 3.2 Fire Magic
 + Level 7.0 Air Magic
 - Level 11.1 Poison Magic
 + Level 7.0 Invocations


You had one spell level left.
You knew the following spells:

 Your Spells              Type           Power        Failure   Level  Hunger
a - Sticky Flame          Conj/Fire      ###.....     11%         4    #####..
b - Poisonous Vapours     Pois/Air       #####.       1%          2    ###....
c - Mephitic Cloud        Conj/Pois/Air  ####....     1%          3    ###....
d - Olgreb's Toxic Radia  Pois           #####...     1%          4    #####..

Your spell library contained the following spells:

 Spells                   Type           Power        Failure   Level  Hunger
 Flame Tongue             Conj/Fire      ###..        1%          1    #......
 Sting                    Conj/Pois      ####         1%          1    #......
 Confusing Touch          Hex            #.....       7%          1    #......
 Throw Flame              Conj/Fire      ###...       1%          2    ###....
 Conjure Flame            Conj/Fire      ###.....     3%          3    ###....
 Venom Bolt               Conj/Pois      ####......   6%          5    ######.
 Inner Flame              Hex/Fire       #.......     11%         3    ###....
 Confuse                  Hex            #.......     21%         3    ###....
 Gell's Gravitas          Tloc           #.........   21%         3    ###....
 Fireball                 Conj/Fire      ###.......   28%         5    ######.
 Petrify                  Tmut/Erth      #.......     52%         4    #####..
 Metabolic Englaciation   Hex/Ice        #.........   86%         5    ######.
 Yara's Violent Unravell  Hex/Tmut       #.........   86%         5    ######.


Dungeon Overview and Level Annotations

Branches:
Dungeon (9/15)             Temple (1/1) D:5            Lair (3/6) D:8
 Spider (1/4) Lair:2
  Swamp: Lair:2-4    Shoals: Lair:2-4       Orc: D:9-12

Altars:
Ashenzari
Cheibriados
Dithmenos
Elyvilon
Fedhas
Gozag
Hepliaklqana
Kikubaaqudgha
Makhleb
Nemelex Xobeh
Okawaru
Qazlal
Ru
Sif Muna
Trog
Uskayaw
Vehumet
Wu Jian
Xom
Yredelemnul
Zin
The Shining One

Shops:
D:4 *   D:7 [[[*}

Annotations:
D:3 1 runed translucent door, Crazy Yiuf
D:4 3 runed translucent doors, Sigmund; voshxz's ghost, amateur DESu
D:5 Menkaure
Spider:1 Asterion


Innate Abilities, Weirdness & Mutations

You cannot wear most types of armour.
You are very stealthy in the water. (Stealth+)
You are amphibious.
You can wear up to eight rings at the same time.
You can use your tentacles to constrict eight enemies at once.
Your skin changes colour to match your surroundings (Stealth+).
Your rubbery body absorbs attacks. (AC +1, EV +1)
Your life essence is reduced to manifest your ancestor. (-10% HP)


Message History

Press: ? - help, Shift-Dir - straight line, f - you
Okay, then.
Casting: Mephitic Cloud (safe; 1% risk of failure)
Confirm with . or Enter, or press ? or * to list all spells.
You begin to radiate toxic energy.
Asterion is poisoned.
The jumping spider looks even sicker.
The tarantella is poisoned.
The wolf spider looks even sicker.
The tarantella is poisoned.
You constrict the wolf spider, but do no damage.
You kill the redback!
Your life force feels restored.
The tarantella seems less confused.
The tarantella bites you! The wolf spider hits you!
The wolf spider barely misses you.
Asterion mumbles some strange prayers to Makhleb.
Asterion seems to speed up.
The tarantella closely misses you. The jumping spider pounces on you!
You block the jumping spider's attack. The wolf spider barely misses you.
The wolf spider misses you. The torpor snail bites you!!
* * * LOW HITPOINT WARNING * * *
The tarantella bites you!
You die...

###############
...............
...............
...............
....s........
#°s○........
#..s†.......
#.s@s.○./..
###.w......
........#
#.......##
##H.....#
......$#
.......#
.......#


You could see Asterion, a torpor snail, a demonic crawler, a wolf spider
(confused), a jumping spider and 2 tarantellas.

Vanquished Creatures
  Nergalle (Lair:2)
  Pikel (D:4)
  An orb spider (Lair:2)
  2 black mambas (Lair:1)
  3 spiny frogs
  2 trolls
  4 blink frogs (Lair:2)
  A hippogriff (Lair:2)
  A redback (Spider:1)
  14 yaks
  A basilisk (Lair:1)
  3 water moccasins (Lair:2)
  2 black bears (D:8)
  3 phantoms
  2 sky beasts
  2 ogres
  8 wolves
  A centaur (D:5)
  A crocodile (Lair:1)
  A big kobold (D:9)
  4 bullfrogs
  A gnoll sergeant (D:9)
  4 scorpions
  4 electric eels (D:8)
  3 howler monkeys
  2 crimson imps
  4 jellies
  3 iron imps (D:4)
  5 hounds
  4 orc wizards
  An orc priest (D:5)
  Jessica (D:3)
  An iguana (D:4)
  4 worker ants
  A hexer (D:8)
  A worker ant zombie (D:5)
  Robin (D:3)
  6 adders
  6 gnolls
  A howler monkey skeleton (D:5)
  2 shadow imps
  An ooze (D:3)
  An adder zombie (D:5)
  2 adder skeletons
  3 worms
  4 dart slugs
  3 leopard geckos
  22 orcs
  4 giant cockroaches
  13 goblins
  6 hobgoblins
  5 jackals
  5 kobolds
  3 quokkas
  8 bats
  4 frilled lizards
  A gnoll zombie (D:4)
  14 rats
212 creatures vanquished.

Vanquished Creatures (collateral kills)
  A hippogriff (Lair:2)
  5 yaks
  An orc warrior (D:5)
  An ogre (D:8)
  2 wolves (Lair:1)
  A crocodile (Lair:2)
  A centaur (D:6)
  Blork the orc (D:6)
  A bullfrog (Lair:2)
  A scorpion (D:7)
  An orc priest (D:4)
  A centaur skeleton (D:4)
  3 hounds
  An iguana (D:4)
  An orc wizard (D:8)
  A worker ant zombie (D:4)
  6 gnolls
  2 adder zombies
  A worm (D:4)
  4 orcs
  A gnoll zombie (D:4)
  3 goblins (D:3)
  A hobgoblin (D:3)
  A quokka skeleton (D:4)
  A quokka zombie (D:6)
43 creatures vanquished.

Vanquished Creatures (others)
  An ogre (D:4)
  5 hexers
  4 ancestors
  An orc (D:5)
  A goblin (D:1)
  A bat (D:1)
  A plant (Lair:1)
14 creatures vanquished.

Grand Total: 269 creatures vanquished

Notes
Turn   | Place    | Note
-------+----------+-------------------------------------------
     0 | D:1      | 4FPSwarrior the Octopode Venom Mage began the quest for the
                  | Orb.
     0 | D:1      | Reached XP level 1. HP: 11/11 MP: 3/3
   121 | D:1      | Reached skill level 4 in Poison Magic
   232 | D:1      | Reached XP level 2. HP: 17/17 MP: 0/5
   427 | D:1      | Learned a level 2 spell: Poisonous Vapours
   823 | D:1      | Reached XP level 3. HP: 21/21 MP: 3/6
  1409 | D:2      | Found an ornate altar of the Wu Jian Council.
  1547 | D:2      | Reached skill level 1 in Air Magic
  1636 | D:2      | Reached skill level 5 in Poison Magic
  1636 | D:2      | Reached XP level 4. HP: 27/27 MP: 4/7
  2371 | D:3      | Noticed Jessica
  2562 | D:3      | Reached XP level 5. HP: 31/31 MP: 3/8
  3110 | D:3      | Reached skill level 6 in Poison Magic
  3225 | D:3      | Found a snail-covered altar of Cheibriados.
  3412 | D:3      | Reached skill level 5 in Stealth
  3651 | D:3      | Found a hazy altar of Hepliaklqana.
  3659 | D:3      | Became a worshipper of Hepliaklqana the Forgotten
  3753 | D:3      | Reached XP level 6. HP: 32/32 MP: 1/9
  3989 | D:3      | Noticed Robin
  3993 | D:3      | Killed Robin
  4357 | D:3      | Found a runed translucent door.
  4358 | D:3      | Noticed Crazy Yiuf
  4384 | D:3      | Killed Jessica
  4602 | D:4      | Found Gimpext's General Store.
  4806 | D:4      | Learned a level 3 spell: Mephitic Cloud
  4809 | D:4      | Bought a scroll of identify for 22 gold pieces
  4809 | D:4      | Bought a potion of haste for 110 gold pieces
  4809 | D:4      | Bought a scroll of teleportation for 33 gold pieces
  4986 | D:4      | Reached skill level 7 in Poison Magic
  4986 | D:4      | Reached XP level 7. HP: 36/36 MP: 0/10
  5001 | D:4      | Reached skill level 1 in Short Blades
  5001 | D:4      | Reached skill level 1 in Invocations
  5083 | D:4      | Found a burning altar of Makhleb.
  5120 | D:4      | Found a basalt altar of Yredelemnul.
  5817 | D:4      | Found a stormy altar of Qazlal.
  5886 | D:4      | Noticed Sigmund
  6413 | D:4      | Noticed Pikel
  6427 | D:4      | Killed Pikel
  6427 | D:4      | Reached skill level 8 in Poison Magic
  6427 | D:4      | Reached XP level 8. HP: 41/41 MP: 0/11
  6524 | D:4      | Found a radiant altar of Vehumet.
  6547 | D:4      | Found a runed translucent gate.
  6548 | D:4      | Found a runed translucent gate.
  6548 | D:4      | Found a runed translucent gate.
  6548 | D:4      | Identified the +7 dagger of Minad {elec, rC++ rN+ Str+3
                  | Int-3}
  6548 | D:4      | Noticed voshxz's ghost (amateur DESu)
  6602 | D:5      | Entered Level 5 of the Dungeon
  6665 | D:5      | Noticed Menkaure
  6816 | D:5      | Reached * piety under Hepliaklqana
  7207 | D:5      | Found a staircase to the Ecumenical Temple.
  7216 | Temple   | Entered the Ecumenical Temple
  7599 | D:5      | Reached skill level 9 in Poison Magic
  7902 | D:5      | Reached XP level 9. HP: 45/45 MP: 7/12
  8297 | D:6      | Noticed Blork the orc
  8800 | D:6      | Found a shadowy altar of Dithmenos.
  8845 | D:6      | Found a shattered altar of Ashenzari.
  8988 | D:6      | Killed Blork the orc
  9380 | D:7      | Found Jong's Gadget Emporium.
  9384 | D:7      | Found a blossoming altar of Fedhas.
  9432 | D:7      | Found Mucanleo's General Store.
  9490 | D:7      | Bought a scroll of amnesia for 42 gold pieces
  9490 | D:7      | Bought a potion of berserk rage for 60 gold pieces
  9502 | D:7      | Found Itaoney's Armour Shoppe.
  9539 | D:7      | Found a sparkling altar of Nemelex Xobeh.
  9666 | D:7      | Found a shattered altar of Ashenzari.
  9676 | D:7      | Reached ** piety under Hepliaklqana
  9677 | D:7      | Remembered your ancestor Bor as a hexer
  9897 | D:7      | Got a heavily runed steel ring
  9906 | D:7      | Identified the ring of Grace {rC+ Slay+2 Stlth+} (You found
                  | it on level 7 of the Dungeon)
  9911 | D:7      | Found Goguc's Antique Armour Boutique.
  9913 | D:7      | Found Leanonyf's Antique Armour Boutique.
 10162 | D:8      | Reached skill level 5 in Air Magic
 10223 | D:8      | Reached skill level 10 in Poison Magic
 10830 | D:8      | Noticed a troll
 10842 | D:8      | Killed a troll
 10971 | D:8      | Reached skill level 1 in Throwing
 11538 | D:8      | Found a staircase to the Lair.
 11570 | D:8      | Found a bloodstained altar of Trog.
 11579 | D:8      | Reached skill level 5 in Invocations
 11579 | D:8      | Reached XP level 10. HP: 50/50 MP: 8/13
 11712 | D:8      | Found an ancient bone altar of Kikubaaqudgha.
 11921 | D:8      | Learned a level 4 spell: Olgreb's Toxic Radiance
 12231 | D:9      | Reached *** piety under Hepliaklqana
 12308 | D:9      | Reached skill level 5 in Short Blades
 12551 | D:9      | Reached skill level 11 in Poison Magic
 12842 | Lair:1   | Entered Level 1 of the Lair of Beasts
 13051 | Lair:1   | Noticed a spiny frog
 13052 | Lair:1   | Reached skill level 1 in Shields
 13084 | D:8      | Learned a level 4 spell: Sticky Flame
 13451 | Lair:1   | Killed a spiny frog
 13639 | Lair:1   | Noticed a black mamba
 13655 | Lair:1   | Killed a black mamba
 14093 | Lair:1   | Reached skill level 1 in Fire Magic
 14093 | Lair:1   | Reached XP level 11. HP: 54/54 MP: 4/15
 14625 | Lair:1   | Reached skill level 10 in Stealth
 14847 | Lair:2   | Reached **** piety under Hepliaklqana
 14847 | Lair:2   | Noticed Nergalle
 15036 | Lair:2   | Found a hole to the Spider Nest.
 15036 | Lair:2   | Noticed an orb spider
 15046 | Lair:2   | Killed an orb spider
 15110 | Lair:2   | Reached skill level 5 in Conjurations
 15812 | Lair:2   | Killed Nergalle
 16524 | Lair:3   | Noticed a six-headed hydra
 16574 | Spider:1 | Entered Level 1 of the Spider Nest
 16574 | Spider:1 | Noticed a wolf spider
 16579 | Spider:1 | Noticed Asterion
 16580 | Spider:1 | HP: 1/54 [torpor snail (22)]
 16580 | Spider:1 | Mangled by a tarantella

Skill      XL: |  1  2  3  4  5  6  7  8  9 10 11 |
---------------+----------------------------------+-----
Stealth        | 3 4 5 6 7 8 9 10 | 10.6
Poison Magic   | 4 5 6 7 8 9 10 11 | 11.1
Air Magic      | 1 2 4 5 6 7 |  7.0
Short Blades   | 2 3 4 5 6 |  6.3
Invocations    | 3 5 6 7 |  7.0
Conjurations   | 3 4 5 |  5.5
Throwing       | 1 3 4 |  4.0
Shields        | 2 4 |  4.0
Fire Magic     | 1 3 |  3.2
Dodging        | |  2.0
Spellcasting   | |  2.0

Action                   |  1- 3 |  4- 6 |  7- 9 | 10-12 || total
-------------------------+-------+-------+-------+-------++-------
Melee: Dagger            |    23 |    43 |   129 |    91 ||   286
       Constrict         |     7 |     9 |    28 |    20 ||    64
       Tentacles         |     4 |     6 |    24 |    16 ||    50
Throw: Tomahawk          |       |       |     3 |     4 ||     7
 Cast: Sting             |    35 |     7 |     1 |       ||    43
       Poisonous Vapours |    16 |    66 |    89 |    25 ||   196
       Mephitic Cloud    |       |     1 |    13 |    23 ||    37
       Olgreb's Toxic Ra |       |       |       |    24 ||    24
       Sticky Flame      |       |       |       |     1 ||     1
Invok: Ancestor Life: He |       |       |     1 |       ||     1
Evoke: Wand              |       |       |       |     6 ||     6
  Use: Scroll            |       |     4 |     6 |     9 ||    19
       Potion            |       |       |     2 |     5 ||     7
 Stab: Sleeping          |     2 |       |    10 |     4 ||    16
       Confused          |       |     1 |     4 |    15 ||    20
       Distracted        |       |       |     2 |       ||     2
       Paralysed         |       |       |       |     1 ||     1
  Eat: Chunk             |     4 |    14 |    20 |    17 ||    55
       Ration            |       |       |     2 |     3 ||     5
Armor: Skin              |     6 |     1 |     5 |     3 ||    15
Dodge: Dodged            |    29 |    32 |    53 |    46 ||   160
Block: Buckler           |       |       |       |     8 ||     8
